 Dungeon Crawl Stone Soup version 0.23.2 (webtiles) character file.

Game seed: 9767329869070768862

10061 Kairos the Spear-Bearer (level 11, -50/88 (89) HPs)
             Began as a Demigod Skald on Apr 11, 2019.
             Annihilated by an enormous slime creature (71 damage)
             ... on level 11 of the Dungeon.
             The game lasted 00:43:34 (13440 turns).

Kairos the Spear-Bearer (Demigod Skald)            Turns: 13440, Time: 00:43:35

HP:   -50/88 (89)   AC: 15    Str: 18    XL:     11   Next: 10%
MP:   19/21         EV: 16    Int: 21    God:
Gold: 480           SH:  0    Dex: 20    Spells: 3/19 levels left

rFire    . . .     SeeInvis .   a - +1 halberd
rCold    + . .     Gourm    .   (shield currently unavailable)
rNeg     . . .     Faith    .   v - +2 leather armour {rC+}
rPois    .         Spirit   .   G - +1 hat
rElec    .         Reflect  .   y - +0 cloak
rCorr    .         Harm     .   g - +1 pair of gloves
MR       +....                  D - +1 pair of boots {Fly}
Stlth    +++.......             (no amulet)
HPRegen  0.24/turn              H - +3 ring of dexterity
MPRegen  0.17/turn              I - +3 ring of protection

@: flying
A: horns 1, agile 1, clever 1, high mp 1
a: Stop Flying


You were on level 11 of the Dungeon.
You were not hungry.

You visited 1 branch of the dungeon, and saw 11 of its levels.
You also visited: Sewer and Ossuary.

You collected 1050 gold pieces.
You spent 570 gold pieces at shops.

Inventory:

Hand Weapons
 a - a +1 halberd (weapon)
 c - a +0 trident
 J - a +4 quarterstaff of protection
 M - the +3 war axe "Qew War" {holy, +Fly}
   (You found it on level 10 of the Dungeon)

   It has been blessed by the Shining One to cause great damage to the undead
   and demons.
   It lets you fly.
 P - a +2 whip of electrocution
Missiles
 o - 232 arrows
 C - 4 tomahawks of returning (quivered)
 L - 2 throwing nets
Armour
 g - a +1 pair of gloves (worn)
 s - a +0 troll leather armour {Purgy}
 v - a +2 leather armour of cold resistance (worn)
 y - a +0 cloak (worn)
 B - a +0 large shield
 D - a +1 pair of boots of flying (worn)
 G - a +1 hat (worn)
Magical Staves
 u - an uncursed staff of conjuration
Jewellery
 j - an uncursed ring of resist corrosion
 z - an uncursed ring of wizardry
 H - a +3 ring of dexterity (left hand)
 I - a +3 ring of protection (right hand)
Wands
 b - a wand of iceblast (8)
 w - a wand of enslavement (10)
 N - a wand of polymorph (8)
Scrolls
 f - 9 scrolls of remove curse
 h - a scroll of silence {unknown}
 i - 3 scrolls of identify
 k - 4 scrolls of fog
 l - a scroll of teleportation
 K - 2 scrolls of enchant weapon
 O - a scroll of amnesia
Potions
 e - a potion of ambrosia
 m - 4 potions of might
 n - a potion of curing
 p - 4 potions of brilliance
 q - 3 potions of berserk rage
 r - 3 potions of heal wounds
 t - 2 potions of agility
 x - 2 potions of mutation
 A - 3 potions of haste {unknown}
 E - 3 potions of lignification {unknown}
 F - 4 potions of flight
Miscellaneous
 R - a sack of spiders
Comestibles
 d - 8 rations
 Q - 4 chunks of flesh


   Skills:
 + Level 6.1 Fighting
 + Level 1.0(6.6) Axes
 + Level 10.3 Polearms
 + Level 5.1 Armour
 + Level 5.8 Dodging
 + Level 3.6 Stealth
 + Level 4.5 Spellcasting
 + Level 2.8 Hexes
 + Level 5.3 Charms
 + Level 1.6 Necromancy
 + Level 1.2 Translocations
 + Level 0.5 Evocations


You had 3 spell levels left.
You knew the following spells:

 Your Spells              Type           Power        Failure   Level  Hunger
a - Infusion              Chrm           ####         1%          1    None
b - Shroud of Golubria    Chrm/Tloc      ###.......   5%          2    #......
c - Spectral Weapon       Hex/Chrm       ###.....     8%          3    ##.....
d - Regeneration          Chrm/Necr      ###.......   10%         3    ##.....
e - Song of Slaying       Chrm           ####....     2%          2    #......
f - Blink                 Tloc           N/A          12%         2    #......
g - Conjure Flame         Conj/Fire      #.......     38%         3    ##.....

Your spell library contained the following spells:

 Spells                   Type           Power        Failure   Level  Hunger
 Confusing Touch          Hex            ###...       4%          1    None
 Slow                     Hex            ###.....     6%          2    #......
 Confuse                  Hex            ###.....     13%         3    ##.....
 Magic Dart               Conj           #...         14%         1    None
 Call Imp                 Summ           #.......     21%         2    #......
 Gell's Gravitas          Tloc           #.........   24%         3    ##.....
 Mephitic Cloud           Conj/Pois/Air  #.......     38%         3    ##.....
 Petrify                  Tmut/Erth      #.......     80%         4    ####...
 Metabolic Englaciation   Hex/Ice        ##........   91%         5    ######.
 Yara's Violent Unravell  Hex/Tmut       ##........   91%         5    ######.


Dungeon Overview and Level Annotations

Branches:
Dungeon (11/15)            Temple (0/1) D:4            Lair (0/6) D:11
    Orc (0/2) D:11

Shops:
D:5 (   D:7 [   D:9 :

Annotations:
D:11 Fannar


Innate Abilities, Weirdness & Mutations

You have an increased reservoir of magic. (+10% MP)
You have a pair of small horns on your head.
You are agile. (Dex +2)
Your mind is acute. (Int +2)


Message History

You are too injured to fight recklessly!
You barely miss the enormous slime creature.
The enormous slime creature is heavily wounded.
Your spectral weapon hits the enormous slime creature!!
The slime creature completely misses you.
The enormous slime creature closely misses you.
You slice the enormous slime creature!!
The enormous slime creature is severely wounded.
Your spectral weapon hits the enormous slime creature!
The slime creature hits you!
The enormous slime creature closely misses you.
Unknown command.
You slice the enormous slime creature!!
The enormous slime creature is severely wounded.
Your spectral weapon hits the enormous slime creature!
The slime creature hits you!
* * * LOW HITPOINT WARNING * * *
The enormous slime creature hits you!!!
Ouch! That really hurt!
You die...

..................#
.......................#
.......................#
........##'###.........#
........#....'....?....#
........#....#.........#
........#....#.........#
......JJ#....#.........#
......(@####'#.......[.#
###.....'....#.........#
#.....#....#.........#
..'.....#....#........(#
..#.....######........)# .
#..................<.#
#.................[.†#
.......#...#....................#
.................................


You could see an enormous slime creature, a slime creature and a friendly
spectral +1 halberd.

Vanquished Creatures
  3 death yaks
  A cyclops (D:10)
  Joseph (D:9)
  A hornet (D:11)
  2 hippogriffs
  Sigmund (D:3)
  2 yaks
  A wyvern (D:9)
  A human (D:10)
  The ghost of Borgoz the Skirmisher, an amateur GrFi (D:4)
  2 wargs
  A soldier ant (D:11)
  Purgy (Sewer)
  A black bear (D:10)
  3 sky beasts
  4 orc warriors
  2 necrophages
  8 ogres
  3 centaurs
  A crocodile (D:10)
  A gnoll sergeant (D:10)
  5 bullfrogs
  A water moccasin zombie (D:9)
  3 scorpions
  13 killer bees
  4 wights (D:7)
  3 jellies
  A howler monkey (D:11)
  A bullfrog zombie (D:5)
  6 crimson imps
  2 quasits
  2 bullfrog skeletons
  4 centaur zombies
  6 orc priests
  8 hounds
  A centaur skeleton (D:5)
  A gnoll shaman (D:8)
  2 iguanas
  Terence (D:2)
  7 orc wizards
  8 worker ants
  Natasha (thrice) (D:3)
  A killer bee zombie (D:10)
  2 big kobold zombies (Ossuary)
  A hound zombie (D:10)
  5 mummies (Ossuary)
  17 gnolls
  A howler monkey skeleton (D:4)
  2 river rats (D:4)
  13 adders
  5 shadow imps
  An adder zombie (D:9)
  5 worms
  2 dart slugs
  4 leopard geckos
  31 orcs
  8 bats
  5 giant cockroaches
  2 gnoll zombies (Ossuary)
  9 goblins
  10 hobgoblins
  8 jackals
  3 quokkas
  3 ball pythons
  7 frilled lizards
  A jackal skeleton (D:3)
  10 kobolds
  A kobold zombie (Ossuary)
  2 leopard gecko skeletons
  10 rats
292 creatures vanquished.

Vanquished Creatures (collateral kills)
  3 orcs (D:5)
3 creatures vanquished.

Vanquished Creatures (others)
  7 spectral weapons
7 creatures vanquished.

Grand Total: 302 creatures vanquished

Notes
Turn   | Place    | Note
-------+----------+-------------------------------------------
     0 | D:1      | Kairos the Demigod Skald began the quest for the Orb.
     0 | D:1      | Reached XP level 1. HP: 17/17 MP: 5/5
    74 | D:1      | Reached skill level 1 in Armour
   447 | D:1      | Reached XP level 2. HP: 17/24 MP: 7/7
   450 | D:1      | Reached skill level 2 in Polearms
  1127 | D:2      | Reached XP level 3. HP: 22/29 MP: 8/8
  1293 | D:2      | Found a sacrificial altar of Ru.
  1332 | D:2      | Reached XP level 4. HP: 27/36 MP: 0/9
  1476 | D:2      | Found a hazy altar of Hepliaklqana.
  1652 | D:2      | Noticed Terence
  1669 | D:2      | Killed Terence
  1869 | D:2      | Reached skill level 3 in Polearms
  1998 | D:2      | Found a burning altar of Makhleb.
  2035 | D:2      | Found a hide-covered altar of Uskayaw.
  2155 | D:3      | Noticed Natasha
  2218 | D:2      | Reached XP level 5. HP: 16/42 MP: 11/11
  2541 | D:3      | Noticed Sigmund
  2574 | D:3      | Killed Natasha
  2724 | D:3      | Found an opulent altar of Gozag.
  2792 | D:3      | Killed Sigmund
  2792 | D:3      | Reached skill level 4 in Polearms
  2792 | D:3      | Reached XP level 6. HP: 19/50 MP: 5/12
  3008 | D:3      | Noticed Natasha
  3017 | D:3      | Killed Natasha
  3022 | D:3      | Noticed Natasha
  3148 | D:3      | Killed Natasha
  3759 | D:4      | Found a bloodstained altar of Trog.
  3780 | D:4      | Found a runed translucent door.
  3896 | D:4      | Found a glowing drain.
  3935 | Sewer    | Entered a sewer
  3972 | Sewer    | Noticed Purgy
  3976 | Sewer    | Learned a level 2 spell: Shroud of Golubria
  3985 | Sewer    | Killed Purgy
  3985 | Sewer    | Reached XP level 7. HP: 56/57 MP: 2/13
  4173 | D:4      | Found a shattered altar of Ashenzari.
  4225 | D:4      | Found a runed translucent door.
  4230 | D:4      | Noticed Borgoz's ghost (amateur GrFi)
  4363 | D:4      | Reached skill level 5 in Polearms
  4422 | D:4      | Found a blossoming altar of Fedhas.
  4642 | D:4      | Found a staircase to the Ecumenical Temple.
  4907 | D:5      | Entered Level 5 of the Dungeon
  4932 | D:5      | Reached skill level 1 in Stealth
  4972 | D:4      | Learned a level 3 spell: Spectral Weapon
  5256 | D:5      | Found Memout's Antique Weapon Boutique.
  5590 | D:6      | Reached XP level 8. HP: 63/63 MP: 15/15
  5632 | D:6      | Reached skill level 6 in Polearms
  5862 | D:6      | Found a sand-covered staircase.
  5935 | Ossuary  | Entered an ossuary
  6632 | D:7      | Found Nioploho's Antique Armour Boutique.
  6657 | D:7      | Bought a faintly humming leather armour for 175 gold pieces
  6667 | D:7      | Identified the +1 leather armour "Amiso" {Str-2 Dex+5} (You
                  | bought it in a shop on level 7 of the Dungeon)
  6823 | D:7      | Reached skill level 7 in Polearms
  7259 | D:7      | Learned a level 3 spell: Regeneration
  7262 | D:7      | Learned a level 2 spell: Song of Slaying
  7305 | D:7      | Bought an embroidered hat for 175 gold pieces
  7449 | D:8      | Reached XP level 9. HP: 65/71 MP: 12/16
  7833 | D:7      | Reached skill level 8 in Polearms
  8074 | D:8      | Reached skill level 1 in Hexes
  8471 | D:8      | Reached skill level 1 in Translocations
  8543 | D:8      | Found a white marble altar of Elyvilon.
  8634 | D:8      | Found a snail-covered altar of Cheibriados.
  9166 | D:9      | Gained mutation: You have a pair of small horns on your
                  | head. [potion of mutation]
  9166 | D:9      | Gained mutation: You are agile. (Dex +2) [potion of
                  | mutation]
  9166 | D:9      | Gained mutation: Your mind is acute. (Int +2) [potion of
                  | mutation]
  9475 | D:9      | Found a shimmering altar of Xom.
  9538 | D:9      | Found Honau's Book Emporium.
  9543 | D:9      | Reached skill level 1 in Necromancy
  9574 | D:9      | Noticed Joseph
  9674 | D:9      | Killed Joseph
  9674 | D:9      | Reached skill level 5 in Fighting
  9830 | D:9      | Found an ancient bone altar of Kikubaaqudgha.
 10092 | D:9      | Reached skill level 9 in Polearms
 10098 | D:9      | Reached XP level 10. HP: 52/81 MP: 13/19
 10521 | D:9      | Bought a book of Minor Magic for 220 gold pieces
 10524 | D:9      | Learned a level 2 spell: Blink
 10528 | D:9      | Learned a level 3 spell: Conjure Flame
 10542 | D:10     | Entered Level 10 of the Dungeon
 10587 | D:10     | Noticed a cyclops
 10607 | D:10     | Killed a cyclops
 10744 | D:10     | Got a polished war axe
 10745 | D:10     | Identified the +3 war axe "Qew War" {holy, +Fly} (You found
                  | it on level 10 of the Dungeon)
 10815 | D:10     | Reached skill level 5 in Dodging
 11516 | D:4      | Killed Borgoz's ghost
 11863 | D:11     | Paralysed by a hornet for 3 turns
 12151 | D:11     | Reached skill level 1 in Axes
 12225 | D:11     | Noticed a death yak
 12226 | D:11     | Noticed a death yak
 12239 | D:11     | Noticed a death yak
 12247 | D:11     | Killed a death yak
 12247 | D:11     | Reached skill level 5 in Charms
 12361 | D:11     | Found a staircase to the Lair.
 12398 | D:11     | Found a staircase to the Orcish Mines.
 12412 | D:11     | Noticed Fannar
 13120 | D:11     | Reached skill level 10 in Polearms
 13236 | D:10     | Reached skill level 5 in Armour
 13289 | D:10     | Killed a death yak
 13289 | D:10     | Reached XP level 11. HP: 67/88 MP: 18/21
 13398 | D:11     | Killed a death yak
 13440 | D:11     | Annihilated by an enormous slime creature

Skill      XL: |  1  2  3  4  5  6  7  8  9 10 |
---------------+-------------------------------+-----
Armour         | 1 2 3 4 5 |  5.1
Spellcasting   | 2 3 4 |  4.5
Polearms       | 2 3 4 5 7 9 10 | 10.3
Dodging        | 2 3 4 5 |  5.8
Fighting       | 2 3 4 5 6 |  6.1
Charms         | 3 4 5 |  5.3
Stealth        | 1 2 3 |  3.6
Hexes          | 1 2 |  2.8
Translocations | 1 |  1.2
Necromancy     | 1 |  1.6
Axes           | 1 |  1.0
Evocations     | |  0.5

Action                   |  1- 3 |  4- 6 |  7- 9 | 10-12 || total
-------------------------+-------+-------+-------+-------++-------
Melee: Spear             |   127 |   207 |       |       ||   334
       Trident           |       |    78 |   149 |       ||   227
       Halberd           |       |       |   378 |   232 ||   610
       Headbutt          |       |       |    18 |    61 ||    79
       War axe           |       |       |       |     6 ||     6
 Cast: Infusion          |     3 |     7 |     2 |       ||    12
       Shroud of Golubri |       |     1 |    12 |     7 ||    20
       Spectral Weapon   |       |       |    24 |    23 ||    47
       Regeneration      |       |       |     8 |     2 ||    10
Evoke: Wand              |       |       |     4 |       ||     4
  Use: Scroll            |     1 |     8 |     9 |       ||    18
       Potion            |       |     1 |     5 |     2 ||     8
 Stab: Sleeping          |     1 |       |    10 |     4 ||    15
       Distracted        |       |       |     1 |       ||     1
  Eat: Chunk             |     1 |     9 |    10 |    14 ||    34
       Ration            |       |       |     4 |       ||     4
Armor: Ring mail         |    39 |    81 |       |       ||   120
       Leather armour    |     4 |       |       |    16 ||    20
       Troll leather arm |       |       |   199 |    80 ||   279
Dodge: Dodged            |    71 |   142 |   382 |   199 ||   794
